 Dungeon Crawl Stone Soup version 0.28.0-45-g0d030f2227 (webtiles) character file.

Game seed: 4828649012284206566

444 Gabide the Insei (level 7, -1/54 HPs)
             Began as a Human Monk on Apr 4, 2022.
             Slain by Grinder (4 damage)
             ... while paralysed by Grinder
             ... on level 4 of the Dungeon.
             The game lasted 00:06:46 (5481 turns).

Gabide the Insei (Human Monk)                       Turns: 5481, Time: 00:06:47

Health: -1/54      AC:  9    Str: 11    XL:     7   Next: 23%
Magic:  7/7        EV:  2    Int: 13    God:
Gold:   271        SH:  0    Dex: 18    Spells: 6/6 levels left

rFire   + . .      SeeInvis .     - Unarmed
rCold   . . .      Faith    .   (no shield)
rNeg    . . .      Spirit   .   q - +0 animal skin
rPois   .          Reflect  .   p - +2 helmet {Int+3}
rElec   .          Harm     .   n - scarf {repulsion}
rCorr   .          Rampage  .   e - +2 pair of gloves
Will    .....                   (no boots)
Stlth   ++........              (no amulet)
HPRegen 0.18/turn               b - ring of protection from fire
MPRegen 0.10/turn               (no ring)

@: paralysed, repel missiles
A: talons 1, shaggy fur 1, MP-powered wands
a: no special abilities


You were on level 4 of the Dungeon.
You visited 1 branch of the dungeon, and saw 4 of its levels.

You collected 271 gold pieces.

Inventory:

Armour
 e - a +2 pair of gloves (worn)
 n - a scarf of repulsion (worn)
 p - a +2 helmet of intelligence (worn)
 q - a +0 animal skin (worn)
Jewellery
 b - a ring of protection from fire (left hand)
Wands
 o - a wand of digging (2)
Scrolls
 f - a scroll of fear
 h - 2 scrolls of amnesia
 j - a scroll of torment
Potions
 a - a potion of haste
 c - 2 potions of attraction
 d - a potion of curing


   Skills:
 * Level 4.0 Fighting
 * Level 4.2 Dodging
 + Level 3.0 Stealth
 * Level 6.1 Unarmed Combat


You had 6 spell levels left.
You didn't know any spells.
Your spell library was empty.

Dungeon Overview and Level Annotations

Branches:
Dungeon (4/15)
 Temple: D:4-7

Altars:
Ashenzari
Wu Jian
The Shining One

Shops:
D:1 :

Annotations:
D:4 1 transporter, DearestLeader's ghost, novice GnFi; Dowan; Grinder


Innate Abilities, Weirdness & Mutations

You have sharp toenails.
You are covered in fur. (AC +1)
You expend magic power (3 MP) to strengthen your wands.


Message History

You barely miss Grinder. Your kick misses Grinder.
Grinder is heavily wounded.
Grinder rolls her eyes.
Grinder completely misses you.
You hit Grinder. You claw Grinder.
Grinder is severely wounded.
Grinder blinks!
Throw: javelin
Press: ? - help, Q - select action Shift-Dir - straight line, f/p - Grinder
Aim: Grinder (severely wounded, 60% to hit)
You throw a javelin. The javelin pierces through Grinder.
Grinder is almost dead.
Grinder blinks!
There is an open door here.
You hit Grinder but do no damage. You claw Grinder, but do no damage.
Grinder is almost dead.
Grinder barely misses you.
You hit Grinder but do no damage. Your kick misses Grinder.
Grinder is almost dead.
Grinder hits you but does no damage.
You hit Grinder.
Grinder is almost dead.
Grinder hits you.
You writhe in agony.
You closely miss Grinder. You claw Grinder.
Grinder is almost dead.
Grinder gestures at you.
You suddenly lose the ability to move!
Grinder hits you.
You writhe in agony.
Grinder gestures at you.
You shrug off the repeated paralysis!
Grinder hits you but does no damage. Grinder gestures at you.
Pain shoots through your body!
* * * LOW HITPOINT WARNING * * *
Grinder hits you.
* * * LOW HITPOINT WARNING * * *
Grinder hits you.
* * * LOW HITPOINT WARNING * * *
You writhe in agony.
You die...

#........#....#.## #....##.#
'................#.#.....##.#
#........#####...#.#.....##.#
#........#####...#.#.....##.#
.(.......#...#...#'#.....##.#
.........#...#...........##.#
.........#...#...|.......##.#
##..+##..'...'(..5'###'#.##.#
#...##.##...#..@### #...##.#
.#...##.##...#...######..##.#
.#.........###......###..##.#
.#..###....# #..........>...#
#... +....+ ##..[...########
#....+ ######'#### ##....
...........# #....
........)..# ...........#


You could see Grinder.

Vanquished Creatures
  Duvessa (D:4)
  2 jellies
  Jessica (D:3)
  An iguana (D:4)
  Natasha (thrice) (D:4)
  Robin (D:2)
  7 adders
  A worm (D:3)
  2 dart slugs
  9 orcs
  3 bats
  7 endoplasms
  2 giant cockroaches
  10 hobgoblins
  8 kobolds
  4 quokkas
  7 ball pythons
  3 frilled lizards
  10 goblins
  4 rats
86 creatures vanquished.

Notes
Turn   | Place    | Note
-------+----------+-------------------------------------------
     0 | D:1      | Gabide the Human Monk began the quest for the Orb.
     0 | D:1      | Reached XP level 1. HP: 18/18 MP: 1/1
   376 | D:1      | Found a faded altar of an unknown god.
   552 | D:1      | Reached XP level 2. HP: 20/24 MP: 2/2
   661 | D:1      | Found Mikhlaonk's Book Boutique.
  1320 | D:2      | Reached XP level 3. HP: 27/29 MP: 3/3
  1807 | D:2      | Reached XP level 4. HP: 28/35 MP: 4/4
  2458 | D:2      | Noticed Robin
  2479 | D:2      | Reached skill level 4 in Unarmed Combat
  2482 | D:2      | Killed Robin
  3162 | D:3      | Found a glowing golden altar of the Shining One.
  3171 | D:3      | Reached XP level 5. HP: 41/41 MP: 5/5
  3421 | D:3      | Noticed Jessica
  3427 | D:3      | Killed Jessica
  3857 | D:3      | Found an ornate altar of the Wu Jian Council.
  4296 | D:4      | Reached XP level 6. HP: 48/48 MP: 6/6
  4405 | D:4      | Reached skill level 5 in Unarmed Combat
  4475 | D:4      | Noticed Natasha
  4479 | D:4      | Killed Natasha
  4517 | D:4      | Noticed Duvessa
  4522 | D:4      | Noticed Dowan
  4533 | D:4      | Killed Duvessa
  4546 | D:4      | Noticed Natasha
  4556 | D:4      | Gained mutation: You have sharp toenails. [potion of
                  | mutation]
  4556 | D:4      | Gained mutation: You are covered in fur. (AC +1) [potion of
                  | mutation]
  4556 | D:4      | Gained mutation: You expend magic power (3 MP) to
                  | strengthen your wands. [potion of mutation]
  4559 | D:4      | Killed Natasha
  4560 | D:4      | Reached XP level 7. HP: 7/53 MP: 7/7
  5064 | D:4      | Found a transporter.
  5067 | D:4      | Noticed DearestLeader's ghost (novice GnFi)
  5074 | D:4      | Noticed Natasha
  5085 | D:4      | Killed Natasha
  5151 | D:4      | Reached skill level 6 in Unarmed Combat
  5393 | D:4      | Found a broken altar of Ashenzari.
  5443 | D:4      | Noticed Grinder
  5475 | D:4      | Paralysed by Grinder for 7 turns
  5481 | D:4      | Slain by Grinder

Illustrated notes

Levels and vault maps discovered:
D:1:      wander_arrival_fairy_ring, layout_loops_ring,
          hellmonk_ecumenical_altar_zigzags, serial_shops, shop,
          nrook_mini_backslash, minmay_misc_feat_hallway,
          kennysheep_nondescript, minmay_misc_feat_secret_circle,
          hangedman_decor_points, minmay_heptomino_o4
D:2:      layout_basic, minmay_3d_cube, uniq_robin
D:3:      layout_basic, amcnicky_altar_gilded, nicolae_tso_carved_into_rock,
          uniq_jessica
D:4:      layout_basic, mainiacjoe_overflow_surrounded_room,
          gammafunk_ghost_mausoleum, uniq_duvessa, uniq_natasha, uniq_grinder

Skill      XL: |  1  2  3  4  5  6  7 |
---------------+----------------------+-----
Unarmed Combat | 4 5 6 |  6.1
Dodging        | 4 |  4.2
Fighting       | 4 |  4.0
Stealth        | 3 |  3.0

Action                   |  1- 3 |  4- 6 |  7- 9 || total
-------------------------+-------+-------+-------++-------
Melee: Unarmed           |    86 |   159 |    48 ||   293
       Punch             |     2 |     6 |     1 ||     9
       Kick              |       |       |    23 ||    23
Throw: Javelin           |       |    48 |     9 ||    57
  Use: Potion            |       |     6 |       ||     6
       Scroll            |       |     1 |     6 ||     7
 Stab: Sleeping          |     5 |     4 |     1 ||    10
       Distracted        |       |       |     1 ||     1
Armor: Robe              |    14 |    11 |       ||    25
       Animal skin       |       |    19 |     9 ||    28
       Skin              |       |     2 |       ||     2
Dodge: Dodged            |    55 |   112 |    24 ||   191
       Repelled          |       |     2 |       ||     2
